 Dungeon Crawl Stone Soup version 0.24-a0-769-g368c1644f8 (webtiles) character file.

Game seed: 737326984364809952, levelgen mode: deterministic

2135 MrRokkomies the Insei (level 9, 0/100 HPs)
             Began as a Gnoll Transmuter on Oct 5, 2019.
             Was a Priest of Lugonu.
             Slain by Grum
             ... wielding a -2 spear
              (13 damage)
             ... on level 8 of the Dungeon on Oct 6, 2019.
             The game lasted 00:17:20 (6381 turns).

MrRokkomies the Insei (Gnoll Transmuter)            Turns: 6381, Time: 00:17:22

Health: 0/100      AC:  8    Str: 20    XL:     9   Next: 30%
Magic:  18/18      EV: 16    Int: 17    God:    Lugonu [***...]
Gold:   313        SH:  0    Dex: 17    Spells: 7/21 levels left

rFire    . . .     SeeInvis .   C - +2 trident (venom)
rCold    . . .     Gourm    .   (no shield)
rNeg     . . .     Faith    .   g - +0 leather armour
rPois    .         Spirit   .   y - +0 helmet
rElec    .         Reflect  .   (no cloak)
rCorr    .         Harm     .   k - +1 pair of gloves
MR       .....                  w - +0 pair of boots
Stlth    ..........             (no amulet)
HPRegen  0.26/turn              u - +2 ring of dexterity
MPRegen  0.16/turn              (no ring)

@: berserking, very slightly contaminated, invisible, very quick
A: distributed training, fangs 1, strong nose
a: Depart the Abyss, Bend Space, Banish, Renounce Religion


You were on level 8 of the Dungeon.
You worshipped Lugonu.
Lugonu was most pleased with you.
You were very hungry.

You visited 2 branches of the dungeon, and saw 9 of its levels.

You collected 313 gold pieces.

Inventory:

Hand Weapons
 b - a +1 hunting sling
 o - a +0 antimagic whip
 C - a +2 trident of venom (weapon)
Missiles
 a - 93 arrows
 c - a throwing net
 m - 5 boomerangs (quivered)
 p - 131 stones
 q - 13 sling bullets
 A - 8 poisoned darts
Armour
 g - a +0 leather armour (worn)
 k - a +1 pair of gloves (worn)
 w - a +0 pair of boots (worn)
 y - a +0 helmet (worn)
Jewellery
 u - a +2 ring of dexterity (left hand)
Wands
 f - a wand of digging (3)
 D - a wand of flame (19)
Scrolls
 h - 2 scrolls of enchant armour
 l - 3 scrolls of teleportation
 s - 2 scrolls of remove curse
 t - a scroll of amnesia
 x - a scroll of fog
 E - 2 scrolls of identify
Potions
 e - a potion of invisibility
 j - 2 potions of curing
 n - 2 potions of heal wounds
 r - a potion of lignification {unknown}
 v - a potion of mutation {unknown}
 z - a potion of agility {unknown}
 B - 2 potions of cancellation {unknown}
 F - a potion of haste {unknown}
Comestibles
 d - 10 rations


   Skills:
 + Level 4.8 Fighting
 + Level 4.0 Short Blades
 + Level 4.0 Long Blades
 + Level 4.0 Axes
 + Level 4.0 Maces & Flails
 + Level 4.0 Polearms
 + Level 4.0 Staves
 + Level 4.0 Slings
 + Level 4.0 Bows
 + Level 4.0 Crossbows
 + Level 4.0 Throwing
 + Level 4.0 Armour
 + Level 6.2 Dodging
 + Level 4.0 Stealth
 + Level 4.0 Shields
 + Level 7.8 Unarmed Combat
 + Level 6.5 Spellcasting
 + Level 3.3 Conjurations
 + Level 3.3 Hexes
 + Level 3.3 Charms
 + Level 3.3 Summonings
 + Level 3.3 Necromancy
 + Level 3.3 Translocations
 + Level 5.1 Transmutations
 + Level 3.3 Fire Magic
 + Level 3.3 Ice Magic
 + Level 3.3 Air Magic
 + Level 3.3 Earth Magic
 + Level 3.3 Poison Magic
 + Level 4.4 Invocations
 + Level 4.0 Evocations


You had 7 spell levels left.
You knew the following spells:

 Your Spells              Type           Power        Failure   Level  Hunger
a - Blade Hands           Tmut           ###.......   43%         5    #####..
b - Sticks to Snakes      Tmut           ###.....     2%          2    None
c - Spider Form           Tmut/Pois      ###.......   8%          3    ##.....
d - Ice Form              Ice/Tmut       ###.....     24%         4    ####...

Your spell library contained the following spells:

 Spells                   Type           Power        Failure   Level  Hunger
 Beastly Appendage        Tmut           ###...       1%          1    None


Dungeon Overview and Level Annotations

Branches:
Dungeon (8/15)             Temple (1/1) D:5
   Lair: D:8-11

Altars:
Ashenzari
Cheibriados
Dithmenos
Elyvilon
Fedhas
Gozag
Kikubaaqudgha
Makhleb
Nemelex Xobeh
Qazlal
Ru
Sif Muna
Uskayaw
Xom
Yredelemnul
Zin
The Shining One
Lugonu

Shops:
D:4 *

Annotations:
D:3 1 runed translucent door, terminal's ghost, amateur OpAs
D:8 Grum


Innate Abilities, Weirdness & Mutations

Your experience applies equally to all skills.
You have very sharp teeth.
Your uncanny sense of smell can sniff out nearby items.


Message History

The jackal barks! x2
The worker ant twitches its antennae in your direction.
The howler monkey howls!
The adder hisses angrily.
Grum barely misses you.
You puncture Grum! Your bite misses Grum.
Grum is moderately wounded.
The jackal barks! x2
The worker ant twitches its antennae in your direction.
The howler monkey howls!
A worker ant comes into view.
An orc priest comes into view. It is wielding a +0 club.
A sky beast comes into view.
You closely miss Grum.
Grum is moderately wounded.
The jackal barks! x3
The worker ant twitches its antennae in your direction.
The orc priest shouts!
The adder hisses angrily.
The worker ant twitches its antennae in your direction.
Grum hits you with a -2 spear!
You die...

#....# #)...#
#....# #....#
#....# #....#
##....# ∆
####..)..#####
......%<..g@.#
.........)##h#
..........# h..
..............h#
....#####...a.S..
##.. #..h.o>.#.
#. #........ . #
#...aoY...


You could see Grum, a sky beast (wandering), 2 howler monkeys, 2 worker ants, an
orc priest (wandering), an adder (wandering), an orc and a jackal (wandering).

Vanquished Creatures
  Grinder (D:5)
  A phantom (D:4)
  A black bear (D:6)
  2 wolves (D:8)
  A centaur (D:6)
  2 bullfrogs (D:6)
  A howler monkey (D:6)
  3 crimson imps
  A quasit (D:6)
  A centaur zombie (D:5)
  A bullfrog zombie (D:5)
  A centaur skeleton (D:5)
  8 orc priests
  6 hounds
  2 iguanas
  7 orc wizards
  2 worker ants
  Robin (D:4)
  10 adders
  6 gnolls
  2 oozes
  An adder skeleton (D:4)
  A worm (D:4)
  3 dart slugs
  4 leopard geckos
  43 orcs
  2 ball pythons
  9 bats
  6 giant cockroaches
  18 goblins
  10 hobgoblins
  5 jackals
  4 kobolds
  2 quokkas
  4 frilled lizards
  A jackal skeleton (D:4)
  A quokka skeleton (D:4)
  6 rats
180 creatures vanquished.

Vanquished Creatures (collateral kills)
  An ice beast (D:6)
1 creature vanquished.

Grand Total: 181 creatures vanquished

Notes
Turn   | Place    | Note
-------+----------+-------------------------------------------
     0 | D:1      | MrRokkomies the Gnoll Transmuter began the quest for the
                  | Orb.
     0 | D:1      | Reached XP level 1. HP: 17/17 MP: 6/6
   228 | D:1      | Reached XP level 2. HP: 23/23 MP: 7/7
   894 | D:2      | Reached skill level 5 in Spellcasting
   894 | D:2      | Reached XP level 3. HP: 26/28 MP: 6/9
   980 | D:2      | Reached skill level 1 in Invocations
  1050 | D:2      | Reached skill level 1 in Short Blades
  1050 | D:2      | Reached skill level 1 in Long Blades
  1050 | D:2      | Reached skill level 1 in Axes
  1050 | D:2      | Reached skill level 1 in Maces & Flails
  1050 | D:2      | Reached skill level 1 in Polearms
  1050 | D:2      | Reached skill level 1 in Staves
  1050 | D:2      | Reached skill level 1 in Slings
  1050 | D:2      | Reached skill level 1 in Bows
  1050 | D:2      | Reached skill level 1 in Crossbows
  1050 | D:2      | Reached skill level 1 in Throwing
  1050 | D:2      | Reached skill level 1 in Armour
  1050 | D:2      | Reached skill level 1 in Stealth
  1050 | D:2      | Reached skill level 1 in Shields
  1050 | D:2      | Reached skill level 1 in Evocations
  1071 | D:2      | Reached XP level 4. HP: 21/34 MP: 11/11
  1103 | D:2      | Learned a level 2 spell: Sticks to Snakes
  1107 | D:2      | Learned a level 3 spell: Spider Form
  1112 | D:2      | Learned a level 4 spell: Ice Form
  1369 | D:2      | Found a shimmering altar of Xom.
  1369 | D:2      | Found a stormy altar of Qazlal.
  1641 | D:3      | Reached skill level 1 in Conjurations
  1641 | D:3      | Reached skill level 1 in Hexes
  1641 | D:3      | Reached skill level 1 in Charms
  1641 | D:3      | Reached skill level 1 in Summonings
  1641 | D:3      | Reached skill level 1 in Necromancy
  1641 | D:3      | Reached skill level 1 in Translocations
  1641 | D:3      | Reached skill level 1 in Fire Magic
  1641 | D:3      | Reached skill level 1 in Ice Magic
  1641 | D:3      | Reached skill level 1 in Air Magic
  1641 | D:3      | Reached skill level 1 in Earth Magic
  1641 | D:3      | Reached skill level 1 in Poison Magic
  1648 | D:3      | Reached XP level 5. HP: 12/40 MP: 9/12
  1971 | D:3      | Found a runed translucent door.
  2346 | D:3      | Noticed terminal's ghost (amateur OpAs)
  2487 | D:4      | Found a sacrificial altar of Ru.
  2636 | D:4      | Reached XP level 6. HP: 38/47 MP: 13/13
  2714 | D:4      | Found Oxzuaxt's Lightly-Used Armoury.
  2715 | D:4      | Noticed Robin
  2742 | D:4      | Killed Robin
  2895 | D:4      | Reached skill level 5 in Dodging
  3233 | D:5      | Entered Level 5 of the Dungeon
  3237 | D:5      | Noticed a phantom
  3311 | D:5      | Reached XP level 7. HP: 31/52 MP: 15/15
  3433 | D:5      | Found a staircase to the Ecumenical Temple.
  3446 | Temple   | Entered the Ecumenical Temple
  3536 | Temple   | Became a worshipper of Lugonu the Unformed
  3536 | Temple   | Reached * piety under Lugonu
  3707 | D:5      | Found a shadowy altar of Dithmenos.
  3782 | D:5      | Reached skill level 7 in Unarmed Combat
  4199 | D:5      | Noticed Grinder
  4230 | D:5      | Killed Grinder
  4354 | D:5      | Found a burning altar of Makhleb.
  4358 | D:5      | Reached XP level 8. HP: 54/60 MP: 16/16
  4440 | D:5      | Found a glowing golden altar of the Shining One.
  4664 | D:6      | Reached ** piety under Lugonu
  5026 | D:6      | Learned a level 5 spell: Blade Hands
  5980 | D:7      | Reached XP level 9. HP: 63/66 MP: 18/18
  6082 | D:7      | Reached *** piety under Lugonu
  6082 | D:7      | Reached skill level 5 in Transmutations
  6362 | D:8      | Noticed Grum
  6381 | D:8      | Slain by Grum

Levels and vault maps discovered:
D:1:      minmay_arrival_wavy_path, layout_loops_ring
D:2:      layout_basic, gammafunk_temple_overflow_pools,
          grunt_decor_mini_mirrors
D:3:      layout_rooms, ebering_ghost_reflecting_pool
D:4:      layout_basic, lemuel_crystal_altar, first_ration, minmay_shop_damaged,
          uniq_robin
D:5:      layout_loops_cross, tso_oasis_becter, makhleb_grotto_becter,
          old_standard_altar, minmay_temple_entry_mini_moons, uniq_grinder
D:6:      layout_cave_pools
D:7:      layout_cave_pools
D:8:      layout_rooms, lemuel_crystal_altar, kennysheep_mini, uniq_grum
Temple:   kb_corrupted_temple

Skill      XL: |  1  2  3  4  5  6  7  8  9 |
---------------+----------------------------+-----
Spellcasting   | 5 6 |  6.5
Invocations    | 1 2 3 4 |  4.4
Short Blades   | 1 2 3 4 |  4.0
Long Blades    | 1 2 3 4 |  4.0
Axes           | 1 2 3 4 |  4.0
Maces & Flails | 1 2 3 4 |  4.0
Polearms       | 1 2 3 4 |  4.0
Staves         | 1 2 3 4 |  4.0
Slings         | 1 2 3 4 |  4.0
Bows           | 1 2 3 4 |  4.0
Crossbows      | 1 2 3 4 |  4.0
Throwing       | 1 2 3 4 |  4.0
Armour         | 1 2 3 4 |  4.0
Stealth        | 1 2 3 4 |  4.0
Shields        | 1 2 3 4 |  4.0
Evocations     | 1 2 3 4 |  4.0
Conjurations   | 1 2 3 |  3.3
Hexes          | 1 2 3 |  3.3
Charms         | 1 2 3 |  3.3
Summonings     | 1 2 3 |  3.3
Necromancy     | 1 2 3 |  3.3
Translocations | 1 2 3 |  3.3
Fire Magic     | 1 2 3 |  3.3
Ice Magic      | 1 2 3 |  3.3
Air Magic      | 1 2 3 |  3.3
Earth Magic    | 1 2 3 |  3.3
Poison Magic   | 1 2 3 |  3.3
Fighting       | 3 4 |  4.8
Transmutations | 4 5 |  5.1
Dodging        | 5 6 |  6.2
Unarmed Combat | 7 |  7.8

Action                   |  1- 3 |  4- 6 |  7- 9 || total
-------------------------+-------+-------+-------++-------
Melee: Unarmed           |    84 |   261 |   164 ||   509
       Bite              |     9 |    23 |    26 ||    58
       Headbutt          |     3 |    13 |       ||    16
       Kick              |       |    19 |     9 ||    28
       Punch             |       |     6 |    10 ||    16
       Whip              |       |       |    27 ||    27
       Trident           |       |       |   116 ||   116
Throw: Boomerang         |    11 |       |    13 ||    24
 Cast: Beastly Appendage |     5 |    21 |     4 ||    30
       Spider Form       |       |     1 |     2 ||     3
       Sticks to Snakes  |       |       |     4 ||     4
       Ice Form          |       |       |     1 ||     1
  Use: Scroll            |     7 |     6 |     3 ||    16
       Potion            |       |     2 |     2 ||     4
 Stab: Sleeping          |     1 |     1 |     5 ||     7
       Invisible         |       |       |     1 ||     1
  Eat: Chunk             |       |     7 |     7 ||    14
       Ration            |       |       |     1 ||     1
Armor: Robe              |    10 |    12 |       ||    22
       Leather armour    |       |    42 |    64 ||   106
       Skin              |       |       |     6 ||     6
Dodge: Dodged            |    43 |   194 |   250 ||   487

Table legend:
 A = Non-vault XP
 B = Vault XP
 C = Vault XP percentage of total XP
 D = Non-vault monster count
 E = Vault monster count
 F = Vault count percentage of total count
                 A         B        C        D         E       F
            +---------+---------+-------+---------+---------+-------
      Total |    2469 |     581 |  19.0 |     164 |      17 |   9.4
            +---------+---------+-------+---------+---------+-------
        D:1 |      19 |       0 |   0.0 |      10 |       0 |   0.0
        D:2 |     106 |       0 |   0.0 |      31 |       0 |   0.0
        D:3 |     101 |       0 |   0.0 |      21 |       0 |   0.0
        D:4 |     394 |      40 |   9.2 |      21 |      13 |  38.2
        D:5 |     403 |     310 |  43.5 |      32 |       2 |   5.9
        D:6 |     954 |       0 |   0.0 |      26 |       0 |   0.0
        D:7 |     442 |       0 |   0.0 |      19 |       0 |   0.0
        D:8 |      50 |     231 |  82.2 |       4 |       2 |  33.3
            +---------+---------+-------+---------+---------+-------
